[Event "CZE-tht Extraliga 2018-19"]
[Site "Czech Republic"]
[Date "2018.11.03"]
[Round "1"]
[White "Vyskocil, Neklan"]
[Black "Cech, Pavel"]
[Result "1/2-1/2"]
[ECO "C06"]
[WhiteElo "2315"]
[BlackElo "2332"]
[Annotator "NA RC"]
[PlyCount "132"]
[EventDate "2018.11.03"]
[EventType "team-tourn"]
[EventCountry "CZE"]
[SourceTitle "playchess.com"]
[Source "ChessBase"]
[SourceQuality "1"]
[WhiteTeam "SK DURAS BVK Kralovo Pole"]
[BlackTeam "SK ZIKUDA Turnov"]
[TimeControl "40/5400+30:1800+30"]

1. e4 e6 2. d4 d5 3. Nd2 Nf6 4. e5 Nfd7 5. Bd3 c5 6. c3 Nc6 7. Ne2 cxd4 8. cxd4 f6 9. exf6 Nxf6 10. O-O Bd6 11. Nf3 Qc7 12. Bg5 O-O 13. Qc2 {[%emt 0:03:34] C06: French Tarrasch: 3...Nf6 4 e5 Nfd7 5 Bd3 main lines} (13. Bh4 Nh5 14. Qc2 h6 15. Bh7+ Kh8 16. Bg6 Nf4 17. Nxf4 Rxf4 18. Bg3 Rxf3 19. gxf3 Qe7 20. Rad1 Bd7 21. Qc3 Rf8 22. Bb1 Kg8 {1-0 (41) Artemiev,V (2653)-Onischuk,V (2615) Martuni 2016}) 13... Nb4 14. Qxc7 Bxc7 15. Bb1 Bd7 {[%emt 0:11:51] LiveBook: 5 Games} 16. Nc3 Bb6 $146 ({Predecessor:} 16... a6 17. a3 Nc6 18. Bh4 Bb6 19. Rd1 h6 20. Bg3 Na5 {0-1 (96) Straka,J (2216)-Strebkovs,A (2420) Teplice 2009}) 17. h3 Nc6 18. Be3 Nh5 19. Rd1 Nf4 20. Ne1 Ne7 21. Bc2 Nfg6 22. Ba4 Bc6 23. Nd3 Nf5 24. Nb4 Be8 25. Rac1 Ngh4 26. Bxe8 Raxe8 27. Na4 Nxe3 28. fxe3 Ba5 29. Nc2 Nf5 30. b4 Bc7 31. Nc5 Ng3 32. Re1 b6 33. Nd3 Bd6 34. Na3 Rc8 35. Rxc8 Rxc8 36. Rb1 a6 37. Rb3 Ne2+ 38. Kf2 Nc3 39. Ke1 Nxa2 40. Kd2 a5 41. bxa5 bxa5 42. Nc2 a4 43. Rb6 Nc3 44. Ra6 Ne4+ 45. Kd1 Kf7 46. Nb2 Nc3+ 47. Kc1 Na2+ 48. Kb1 Nc3+ 49. Kc1 Na2+ 50. Kb1 Rxc2 51. Rxd6 Rxg2 52. Kxa2 Re2 53. Ra6 Rxe3 54. h4 Re4 55. Rxa4 Rxh4 56. Nd3 Re4 57. Kb3 h5 58. Kc3 h4 59. Ra7+ Kg6 60. Nc5 Rg4 61. Nxe6 h3 62. Rxg7+ Kf5 63. Rh7 Rg3+ 64. Kb4 Kxe6 65. Rh5 Kf6 66. Kc5 $11 Ra3 1/2-1/2

[Event "CZE-tht Extraliga 2018-19"]
[Site "Czech Republic"]
[Date "2018.11.03"]
[Round "1"]
[White "Kawulok, Marek"]
[Black "Slampa, Jan"]
[Result "0-1"]
[ECO "B40"]
[WhiteElo "2215"]
[BlackElo "2231"]
[Annotator "NA"]
[PlyCount "82"]
[EventDate "2018.11.03"]
[EventType "team-tourn"]
[EventCountry "CZE"]
[SourceTitle "playchess.com"]
[Source "ChessBase"]
[SourceQuality "1"]
[WhiteTeam "Slavoj Cesky Tesín"]
[BlackTeam "Siesta Solution Unichess B"]
[TimeControl "40/5400+30:1800+30"]

1. e4 c5 2. Nf3 e6 3. d4 cxd4 4. Nxd4 Nc6 5. Nc3 a6 6. Be2 d6 7. O-O Nf6 8. Be3 Be7 9. f4 O-O 10. Kh1 Bd7 11. Qe1 Rc8 12. Qg3 b5 13. a3 Na5 {[%emt 0:04:57] B85: Sizilianisch (Scheveninger System)} 14. e5 Ne8 15. f5 $146 ({Vorgänger:} 15. Ne4 Nc4 16. Bxc4 Rxc4 17. c3 Qa8 18. Ng5 g6 19. Qh4 h5 20. Rae1 Ng7 21. Qg3 {0-1 (50) Deszczynski,A (2345)-Jakubowski,K (2515) Zgierz 2018}) 15... dxe5 16. fxe6 exd4 17. exd7 Qxd7 18. Rad1 Bd6 19. Rxd4 Nc6 20. Rd2 Qe6 21. Bf4 Bxf4 22. Qxf4 Ne5 23. Rd5 f6 24. Rfd1 Nc7 25. Rd6 Qe7 26. Qd4 Qf7 27. Bd3 Ne6 28. Qd5 Nc5 29. Bf5 Qxd5 30. Nxd5 ({But not} 30. R1xd5 Rc7 $11) 30... Ra8 31. b4 Na4 32. Nc7 Nb2 (32... Nc3 $16) 33. Nxa8 Nxd1 34. Nc7 Ne3 35. Be6+ Kh8 36. Rxa6 Rd8 {[%emt 0:01:39] [#]} 37. h3 (37. Bd5 $1 $16 ) 37... h5 38. Nxb5 $11 Rd1+ 39. Kh2 Rd2 40. Kg3 g5 41. Bd5 Nf1# 0-1

[Event "CZE-tht Extraliga 2018-19"]
[Site "Czech Republic"]
[Date "2018.11.04"]
[Round "2"]
[White "Fedorov, Alexei"]
[Black "Vrbata, Zbynek"]
[Result "1-0"]
[ECO "C00"]
[WhiteElo "2568"]
[BlackElo "2339"]
[Annotator "RC"]
[PlyCount "147"]
[EventDate "2018.11.03"]
[EventType "team-tourn"]
[EventCountry "CZE"]
[SourceTitle "playchess.com"]
[Source "ChessBase"]
[SourceQuality "1"]
[WhiteTeam "Beskydská šachová škola"]
[BlackTeam "Siesta Solution Unichess B"]
[TimeControl "40/5400+30:1800+30"]

1. e4 e6 2. d3 d5 3. Qe2 Nc6 4. Nf3 dxe4 5. dxe4 e5 6. c3 Nf6 7. Qc2 Bg4 8. Nbd2 Bd6 9. Be2 O-O 10. Nc4 h6 11. h3 Bh5 12. Nh4 Bxe2 13. Qxe2 b5 14. Ne3 Nxe4 15. Nhf5 Nf6 16. Ng4 Re8 17. Qxb5 Nxg4 18. hxg4 Ne7 19. Be3 Rb8 20. Qe2 Nd5 21. Kf1 Nf4 22. Qc2 Qd7 23. b3 Qc6 24. Bxf4 exf4 25. Rh3 Be7 26. Nd4 Qb6 27. Nf3 Bf6 28. Rd1 Rbd8 29. Rxd8 Rxd8 30. Rh5 Qd6 31. c4 c6 32. Kg1 Qd1+ 33. Qxd1 Rxd1+ 34. Kh2 g5 35. Rxh6 Kg7 36. Rh5 Kg6 37. g3 fxg3+ 38. Kxg3 a5 39. Kg2 Ra1 40. a4 Rb1 41. Rh3 Rb2 42. Nh2 Be5 43. Nf1 f5 44. Ne3 fxg4 45. Nxg4 Bd4 46. Rd3 c5 47. Rf3 Rb1 48. Nh2 Be5 49. Rd3 Rb2 50. Nf3 Bf4 51. Kf1 Kf6 52. Ne1 Kg6 53. Rd5 Rxb3 54. Nd3 Ra3 55. Nxc5 Rc3 56. Nd3 Rxc4 57. Rxa5 Kf6 58. Ke2 Rc2+ 59. Kf3 Bd2 60. Rd5 Ra2 61. Rd4 Bc3 62. Rc4 Bd2 63. Ke4 Ra3 64. Rc6+ Ke7 65. Ra6 Bc3 66. f3 Bd2 67. Ne5 Re3+ 68. Kd5 Kf8 69. Rf6+ Kg7 70. Rg6+ Kh7 71. Rxg5 Bc3 72. f4 Re1 73. Rg3 Bd2 74. Nf3 1-0

[Event "CZE-tht Extraliga 2018-19"]
[Site "Czech Republic"]
[Date "2018.11.04"]
[Round "2"]
[White "Shengelia, David"]
[Black "Smirin, Ilia"]
[Result "1/2-1/2"]
[ECO "E62"]
[WhiteElo "2512"]
[BlackElo "2594"]
[Annotator "RC"]
[PlyCount "83"]
[EventDate "2018.11.03"]
[EventType "team-tourn"]
[EventCountry "CZE"]
[SourceTitle "playchess.com"]
[Source "ChessBase"]
[SourceQuality "1"]
[WhiteTeam "ŠK DURAS BVK Královo Pole"]
[BlackTeam "GASCO Pardubice"]
[TimeControl "40/5400+30:1800+30"]

1. d4 Nf6 2. c4 g6 3. Nf3 Bg7 4. g3 O-O 5. Bg2 d6 6. O-O Nc6 7. Nc3 Bf5 8. d5 Na5 9. Nd4 Bd7 10. b3 c5 11. dxc6 bxc6 12. e4 Qc8 13. Re1 e5 14. Nc2 Nb7 15. Ba3 Rd8 16. Ne3 Bh3 17. Bxh3 Qxh3 18. Qf3 h5 19. Rad1 Nh7 20. Qg2 Qc8 21. h4 Nf8 22. g4 Ne6 23. Ne2 Nf4 24. Qg3 Bh6 25. g5 Nxe2+ 26. Rxe2 Bf8 27. Red2 Qc7 28. c5 Nxc5 29. Bxc5 dxc5 30. Rxd8 Rxd8 31. Rxd8 Qxd8 32. Qxe5 Qd3 33. Kg2 Qb1 34. Qe8 Qxa2 35. Qxc6 Qxb3 36. Nd5 Qb8 37. Nf6+ Kg7 38. Ne8+ Kh8 39. Qd7 Qf4 40. Nf6 Kg7 41. Ne8+ Kh8 42. Nf6 1/2-1/2

[Event "CZE-tht Extraliga 2018-19"]
[Site "Czech Republic"]
[Date "2018.11.04"]
[Round "2"]
[White "UNA6 Svoboda Svatopluk FM"]
[Black "LAB9 Talla Vladimir GM"]
[Result "1/2-1/2"]
[ECO "C47"]
[WhiteElo "2438"]
[BlackElo "2402"]
[Annotator "NA"]
[PlyCount "23"]
[EventDate "2018.11.03"]
[EventType "team-tourn"]
[EventCountry "CZE"]
[SourceTitle "playchess.com"]
[Source "ChessBase"]
[SourceQuality "1"]
[TimeControl "40/5400+30:1800+30"]

1. e4 e5 2. Nf3 Nf6 3. Nc3 Nc6 4. d4 exd4 5. Nxd4 Bb4 6. Nxc6 bxc6 7. Bd3 d5 8. exd5 cxd5 9. O-O O-O 10. Qf3 c6 11. h3 Re8 12. Bg5 1/2-1/2

[Event "CZE-tht Extraliga 2018-19"]
[Site "Czech Republic"]
[Date "2018.11.04"]
[Round "2"]
[White "Suran, Jan"]
[Black "Kawulok, Marek"]
[Result "1/2-1/2"]
[ECO "C49"]
[WhiteElo "2420"]
[BlackElo "2215"]
[Annotator "NA"]
[PlyCount "46"]
[EventDate "2018.11.03"]
[EventType "team-tourn"]
[EventCountry "CZE"]
[SourceTitle "playchess.com"]
[Source "ChessBase"]
[SourceQuality "1"]
[WhiteTeam "Výstavište Lysá nad Labem"]
[BlackTeam "Slavoj Ceský Tešín"]
[TimeControl "40/5400+30:1800+30"]

1. e4 e5 2. Nf3 Nc6 3. Nc3 Nf6 4. Bb5 Bb4 5. O-O O-O 6. d3 Bxc3 7. bxc3 d6 8. Bg5 Qe7 9. Re1 Nd8 10. d4 Ne6 11. Bc1 c6 12. Bf1 Qc7 13. g3 $11 Re8 14. Bg2 c5 15. d5 Nf8 16. Bg5 Ng6 17. Nd2 Qe7 18. h3 h6 19. Be3 Nh7 20. Qh5 Nf6 21. Qe2 Nh7 22. Qh5 Nf6 23. Qe2 Nh7 1/2-1/2

[Event "CZE-tht Extraliga 2018-19"]
[Site "Czech Republic"]
[Date "2018.11.04"]
[Round "2"]
[White "Szotkowski, Jakub"]
[Black "Bartos, Jan"]
[Result "1-0"]
[ECO "E04"]
[WhiteElo "2348"]
[BlackElo "2217"]
[Annotator "NA"]
[PlyCount "77"]
[EventDate "2018.11.03"]
[EventType "team-tourn"]
[EventCountry "CZE"]
[SourceTitle "playchess.com"]
[Source "ChessBase"]
[SourceQuality "1"]
[WhiteTeam "Beskydská šachová škola"]
[BlackTeam "Siesta Solution Unichess B"]
[TimeControl "40/5400+30:1800+30"]

1. d4 Nf6 2. c4 e6 3. g3 d5 4. Bg2 dxc4 5. Nf3 a6 6. O-O Nc6 7. a4 Rb8 8. Nc3 Be7 {[%emt 0:16:38] LiveBook: 14 Games} 9. e4 O-O 10. Bf4 $15 b5 11. axb5 axb5 12. Qe2 Nxd4 13. Nxd4 Qxd4 14. Bxc7 Rb7 15. Bf4 e5 16. Rfd1 Qc5 17. Be3 Qc7 18. Ra6 Bg4 19. Bf3 Bd7 20. h4 b4 21. Nd5 Nxd5 22. exd5 Bd6 23. Rda1 c3 24. Ra7 Rfb8 25. Rxb7 Rxb7 26. Rc1 Qa5 27. bxc3 bxc3 28. Qe1 Rc7 29. Ra1 Qb4 30. Rb1 Qc4 31. Rb6 Ba3 32. d6 Rc8 33. Bb7 Rb8 34. Ba6 Rxb6 35. Bxc4 c2 36. Qa5 Rb1+ 37. Kh2 h6 38. Qd8+ Kh7 39. Qxd7 1-0

[Event "CZE-tht Extraliga 2018-19"]
[Site "Czech Republic"]
[Date "2018.11.04"]
[Round "2"]
[White "Obsivac, Josef"]
[Black "Vlasak, Lukas"]
[Result "1/2-1/2"]
[ECO "D37"]
[WhiteElo "2264"]
[BlackElo "2399"]
[Annotator "NA"]
[PlyCount "37"]
[EventDate "2018.11.03"]
[EventType "team-tourn"]
[EventCountry "CZE"]
[SourceTitle "playchess.com"]
[Source "ChessBase"]
[SourceQuality "1"]
[WhiteTeam "Moravská Slavia Brno"]
[BlackTeam "ŠK ZIKUDA Turnov"]
[TimeControl "40/5400+30:1800+30"]

1. d4 Nf6 2. c4 e6 3. Nf3 d5 4. Nc3 Be7 5. Bg5 Nbd7 6. Qc2 h6 7. cxd5 exd5 8. Bh4 c6 9. e3 Nh5 10. Bxe7 Qxe7 11. O-O-O Nb6 12. h3 Be6 13. Bd3 O-O-O 14. Nd2 Nf6 15. Kb1 Kb8 16. Rc1 h5 17. Nb3 Nfd7 18. h4 Rc8 19. Ne2 1/2-1/2

[Event "CZE-tht Extraliga 2018-19"]
[Site "Czech Republic"]
[Date "2018.11.04"]
[Round "2"]
[White "Skalsky, Alexandr"]
[Black "Simek, Petr"]
[Result "1/2-1/2"]
[ECO "C88"]
[WhiteElo "2240"]
[BlackElo "2338"]
[Annotator "NA"]
[PlyCount "63"]
[EventDate "2018.11.03"]
[EventType "team-tourn"]
[EventCountry "CZE"]
[SourceTitle "playchess.com"]
[Source "ChessBase"]
[SourceQuality "1"]
[WhiteTeam "Labortech Ostrava"]
[BlackTeam "Siesta Solution Unichess A"]
[TimeControl "40/5400+30:1800+30"]

1. e4 e5 2. Nf3 Nc6 3. Bb5 a6 4. Ba4 Nf6 5. O-O Be7 6. Re1 b5 7. Bb3 O-O 8. a4 b4 9. a5 d5 10. exd5 e4 11. dxc6 exf3 12. g3 Bc5 13. d4 Bxd4 14. Qxf3 Ng4 15. Be3 Bxb2 16. Ra2 Bf6 17. Bc5 Re8 18. Rd1 Ne5 19. Bxf7+ Kh8 20. Qe2 Bg4 21. Rxd8 Rexd8 22. Qe3 Rd1+ 23. Kg2 Nf3 24. Qxf3 Bxf3+ 25. Kxf3 Rxb1 26. Bc4 g6 27. Ra4 Bc3 28. Bb3 Rb8 29. Bc4 Ra8 30. Bb3 Rb8 31. Bc4 Ra8 32. Bb3 1/2-1/2

[Event "CZE-tht Extraliga 2018-19"]
[Site "Czech Republic"]
[Date "2018.11.04"]
[Round "2"]
[White "Pokorny, Petr"]
[Black "Rojicek, Vojtech"]
[Result "0-1"]
[ECO "A48"]
[WhiteElo "2214"]
[BlackElo "2387"]
[Annotator "NA"]
[PlyCount "152"]
[EventDate "2018.11.03"]
[EventType "team-tourn"]
[EventCountry "CZE"]
[SourceTitle "playchess.com"]
[Source "ChessBase"]
[SourceQuality "1"]
[WhiteTeam "Siesta Solution Unichess B"]
[BlackTeam "Beskydská šachová škola"]
[TimeControl "40/5400+30:1800+30"]

1. d4 Nf6 2. Nf3 g6 3. Bf4 Bg7 4. e3 O-O 5. Be2 d6 6. h3 Nfd7 7. Bh2 e5 8. c4 Nc6 9. Nc3 Kh8 10. O-O f5 11. Rc1 e4 12. Nd2 Nf6 13. a3 Ne7 14. b4 g5 15. c5 d5 16. b5 Ng6 17. Bh5 Nxh5 18. Qxh5 Be6 19. f4 gxf4 20. Bxf4 Nxf4 21. Rxf4 Qe8 22. Qxe8 Raxe8 23. Re1 Bh6 24. Rf2 f4 25. Nd1 Bd7 26. a4 a6 27. c6 bxc6 28. bxa6 c5 29. Nb3 cxd4 30. exd4 e3 31. Ra2 Bg7 32. Nc3 f3 33. gxf3 Rxf3 34. Nxd5 Rg3+ 35. Kh2 Rxh3+ 36. Kg2 c6 37. Nc5 cxd5 38. Nxd7 Rh6 39. a5 Rxa6 40. Nb6 Bxd4 41. Nxd5 Re5 42. Nf4 Rf6 43. Rf1 Ba7 44. Rc2 Rxf4 45. Rxf4 e2 46. Rc1 Be3 47. Re1 Bxf4 48. Kf3 Bg5 49. Rxe2 Rxa5 50. Kg4 Bf6 51. Rc2 Kg7 52. Kh3 Kg6 53. Rg2+ Bg5 54. Rf2 Ra3+ 55. Kg2 h5 56. Rf3 Ra4 57. Rf2 Bf4 58. Rb2 Kf5 59. Kh3 Ra3+ 60. Kg2 h4 61. Rb1 Ra2+ 62. Kh1 Be3 63. Re1 Bf4 64. Rb1 Kg4 65. Rg1+ Kh3 66. Rg2 Ra1+ 67. Rg1 Ra3 68. Rg2 Bg3 69. Rg1 Ra2 70. Rg2 Ra1+ 71. Rg1 Ra2 72. Rg2 Bf2 73. Rh2+ Kg4 74. Rg2+ Kf3 75. Rg8 Ra1+ 76. Kh2 Bg3+ 0-1

[Event "CZE-tht Extraliga 2018-19"]
[Site "Czech Republic"]
[Date "2018.11.04"]
[Round "2"]
[White "Jascenko, Olga"]
[Black "Rabatin, Jakub"]
[Result "0-1"]
[ECO "E21"]
[WhiteElo "2127"]
[BlackElo "2300"]
[Annotator "NA"]
[PlyCount "74"]
[EventDate "2018.11.03"]
[EventType "team-tourn"]
[EventCountry "CZE"]
[SourceTitle "playchess.com"]
[Source "ChessBase"]
[SourceQuality "1"]
[WhiteTeam "Siesta Solution Unichess B"]
[BlackTeam "Beskydská šachová škola"]
[TimeControl "40/5400+30:1800+30"]

1. d4 Nf6 2. c4 e6 3. Nc3 Bb4 4. Nf3 b6 5. a3 Bxc3+ 6. bxc3 Bb7 7. Bg5 h6 8. Bh4 g5 9. Bg3 Ne4 10. Qc2 d6 11. e3 Nd7 12. Nd2 Nxg3 13. hxg3 f5 14. e4 Qf6 15. Bd3 O-O-O 16. f3 Rdf8 17. a4 a5 18. Nb3 fxe4 19. Bxe4 d5 20. cxd5 exd5 21. Bd3 Qd6 22. Kf2 Nf6 23. Bf5+ Kb8 24. Nd2 h5 25. Rae1 h4 26. gxh4 gxh4 27. Rh3 Nh5 28. Nf1 Nf4 29. Rh2 Ba6 30. Kg1 Ne2+ 31. Kh1 Qf6 32. Bg4 Re8 33. Qd2 Re7 34. g3 hxg3 35. Rxh8+ Qxh8+ 36. Kg2 Rh7 37. Nxg3 Rh2+ {[%emt 0:00:08] Kg1 [%clk 0:09:23]} 0-1

[Event "CZE-tht Extraliga 2018-19"]
[Site "Czech Republic"]
[Date "2018.12.01"]
[Round "3"]
[White "Kraus, Tomas"]
[Black "Rojicek, Vojtech"]
[Result "1-0"]
[ECO "B50"]
[WhiteElo "2447"]
[BlackElo "2389"]
[Annotator "NA RC"]
[PlyCount "63"]
[EventDate "2018.11.03"]
[EventType "team-tourn"]
[EventCountry "CZE"]
[SourceTitle "playchess.com"]
[Source "ChessBase"]
[SourceQuality "1"]
[WhiteTeam "Turnov"]
[BlackTeam "Beskydska"]
[TimeControl "40/5400+30:1800+30"]

1. e4 c5 2. Nf3 d6 3. Nc3 Nf6 4. e5 dxe5 5. Nxe5 e6 6. Bb5+ Bd7 {[%emt 0:12:31] B50: Sicilian: 2...d6, Miscellaneous} (6... Nbd7 7. d4 a6 8. Bxd7+ Nxd7 9. Qh5 Nxe5 10. dxe5 Bd7 11. Bg5 Qc7 12. O-O-O Bc6 13. f4 Be7 14. Bxe7 Qxe7 {½-½ (29) Bernadskiy,V (2583)-Vovk,A (2634) Zhitomir 2017}) 7. Qf3 Qc7 8. Bxd7+ Nbxd7 9. Nc4 a6 $146 ({Predecessor:} 9... Nb6 10. Nb5 Qd7 11. Nxb6 axb6 12. a4 Be7 13. b3 Nd5 14. Bb2 Bf6 15. Bxf6 Nxf6 16. O-O O-O 17. d3 Rfd8 18. Rfe1 Qc6 {½-½ (18) Blauhut,H (2352)-Nenciulescu,S (2222) ICCF email 2002}) 10. d3 Be7 11. Bf4 e5 12. Bg5 O-O 13. a4 Rfe8 14. O-O Bf8 15. a5 Re6 16. Rfe1 Rae8 17. Re2 g6 18. Ra3 Bg7 19. Rb3 Rb8 20. h3 Qc8 21. Bh4 Ne8 22. Nd5 $16 f6 23. Bg3 Qc6 24. h4 h5 25. Re1 Kh7 26. Bh2 Bh6 27. Ndb6 Qxf3 28. gxf3 Nxb6 29. Nxb6 Bd2 30. Re2 Bxa5 31. Nd7 Rc8 32. Nf8+ 1-0

[Event "CZE-tht Extraliga 2018-19"]
[Site "Czech Republic"]
[Date "2018.12.01"]
[Round "3"]
[White "Kislinsky, Alexey"]
[Black "Jurcik, Marian"]
[Result "0-1"]
[ECO "B00"]
[WhiteElo "2430"]
[BlackElo "2451"]
[Annotator "RC"]
[PlyCount "86"]
[EventDate "2018.11.03"]
[EventType "team-tourn"]
[EventCountry "CZE"]
[SourceTitle "playchess.com"]
[Source "ChessBase"]
[SourceQuality "1"]
[WhiteTeam "Lysa nad Labem"]
[BlackTeam "Siesta"]
[TimeControl "40/5400+30:1800+30"]

1. e4 d6 2. d4 Nf6 3. Nc3 e5 4. Nf3 Nbd7 5. Bc4 Be7 6. O-O O-O 7. a4 c6 8. Ba2 a5 9. h3 exd4 10. Nxd4 Nc5 11. Qf3 Qb6 12. Rd1 Be6 13. Be3 Qxb2 14. Nxc6 bxc6 15. Bxc5 dxc5 16. Rdb1 Qxc2 17. Bxe6 Rab8 18. Ba2 Rxb1+ 19. Rxb1 Bd6 20. Bb3 Qd2 21. Rd1 Qf4 22. Qd3 Qh2+ 23. Kf1 Be5 24. Ne2 Qh1+ 25. Ng1 Bh2 26. Qf3 Bxg1 27. e5 Nd5 28. Bxd5 cxd5 29. Qxd5 h6 30. g3 Qh2 31. Qg2 Rb8 32. Qxg1 Qxh3+ 33. Qg2 Qg4 34. Qd5 Qxa4 35. Rd3 Qb5 36. Qd6 c4 37. Rf3 c3+ 38. Kg2 Qb7 39. Kh2 Qxf3 40. Qxb8+ Kh7 41. Qb1+ g6 42. e6 Qxf2+ 43. Kh3 c2 0-1

[Event "CZE-tht Extraliga 2018-19"]
[Site "Czech Republic"]
[Date "2018.12.01"]
[Round "3"]
[White "Szotkowski, Jakub"]
[Black "Vlasak, Lukas"]
[Result "0-1"]
[ECO "A40"]
[WhiteElo "2357"]
[BlackElo "2401"]
[Annotator "ChessBase"]
[PlyCount "114"]
[EventDate "2018.11.03"]
[EventType "team-tourn"]
[EventCountry "CZE"]
[SourceTitle "playchess.com"]
[Source "ChessBase"]
[SourceQuality "1"]
[WhiteTeam "Beskydska"]
[BlackTeam "Turnov"]
[TimeControl "40/5400+30:1800+30"]

1. d4 Nf6 2. c4 e6 3. g3 Bb4+ 4. Bd2 Be7 5. Bg2 d5 6. Qc2 O-O 7. Nf3 c6 8. O-O Nbd7 9. Rd1 b6 10. Bf4 Ba6 11. Ne5 Rc8 12. Nc3 Qe8 13. a4 Nh5 14. cxd5 Nxf4 15. Nxd7 Nxe2+ 16. Nxe2 cxd5 17. Nc3 Qxd7 18. a5 Qb7 19. axb6 axb6 20. Qa4 Ra8 21. Qb3 Rfd8 22. Ra4 b5 23. Raa1 b4 24. Na4 Rdc8 25. Bf3 Bb5 26. Nc5 Bxc5 27. dxc5 Bc6 28. Rxa8 Rxa8 29. Rd4 Ra1+ 30. Kg2 Qb5 31. Bd1 g6 32. Rxb4 d4+ 33. f3 Qxc5 34. Rc4 Qd5 35. Be2 Kg7 36. Qb4 Ra4 37. Qb3 Rxc4 38. Bxc4 Qc5 39. Qd3 e5 40. g4 Qb4 41. Qe2 f6 42. g5 Qc5 43. gxf6+ Kxf6 44. Bd3 Qc1 45. b4 Qg5+ 46. Kf2 Qf4 47. Kg2 Qg4+ 48. Kf2 Qh3 49. b5 Qxh2+ 50. Ke1 Qxe2+ 51. Kxe2 Bb7 52. Kf2 Ke6 53. Kg3 Kd6 54. Kg4 Kc5 55. Be2 h6 56. Bd3 Bc8+ 57. Kg3 Bf5 0-1

[Event "CZE-tht Extraliga 2018-19"]
[Site "Czech Republic"]
[Date "2018.12.01"]
[Round "3"]
[White "Priehoda, Vitezslav"]
[Black "Simek, Petr"]
[Result "1-0"]
[ECO "D61"]
[WhiteElo "2354"]
[BlackElo "2338"]
[Annotator "NA"]
[PlyCount "147"]
[EventDate "2018.11.03"]
[EventType "team-tourn"]
[EventCountry "CZE"]
[SourceTitle "playchess.com"]
[Source "ChessBase"]
[SourceQuality "1"]
[WhiteTeam "Lysa nad Labem"]
[BlackTeam "Siesta"]
[TimeControl "40/5400+30:1800+30"]

1. d4 Nf6 2. c4 e6 3. Nf3 d5 4. Nc3 Nbd7 5. Bg5 Be7 6. e3 O-O 7. Qc2 c5 8. dxc5 Nxc5 9. Rd1 {[%emt 0:10:08] D61: Queen's Gambit Declined: Classical: 7 Qc2} (9. a3 h6 10. Bh4 Nce4 11. Nxe4 Nxe4 12. Bxe7 Qxe7 13. Rd1 Nf6 14. cxd5 Nxd5 15. Bc4 Nf6 16. Rf1 {½-½ (16) Mamedyarov,S (2752)-Alekseev,E (2716) Kemer 2007}) 9... Qa5 10. cxd5 exd5 {[%emt 0:00:35] LiveBook: 4 Games} 11. Nd4 Rd8 $146 ({Predecessor:} 11... Bd7 12. Bd3 Ba4 13. Nb3 Bxb3 14. axb3 Nce4 15. Bxe4 dxe4 16. Bxf6 Bxf6 {½-½ (24) Tisdall,J (2515)-Ostenstad,B (2465) Norway 1996}) 12. Be2 Nce4 13. Nb3 Qc7 14. Bf4 Bd6 15. Bxd6 Rxd6 16. Rc1 Qe7 17. O-O Bf5 18. Nd4 Bg6 19. Bd3 a6 20. Rfd1 Rad8 21. Nxe4 dxe4 22. Be2 $11 h5 23. Nb3 Nd5 24. Rd4 Nf4 25. Rxd6 Nxe2+ 26. Qxe2 Qxd6 27. Nd4 f6 28. Qc4+ Bf7 29. Qc2 Qe5 30. a3 h4 31. Qc7 Qd5 32. Rc5 Qd7 33. h3 Ba2 34. b3 Bb1 35. Ne6 Qd1+ 36. Kh2 Qd6+ 37. Qxd6 Rxd6 38. Nd4 Rd7 39. Kg1 Bd3 40. Rc3 Bb1 41. Rc5 Kf7 42. g3 hxg3 43. fxg3 Re7 44. Kf2 g5 45. g4 Rd7 46. Kg3 Kf8 47. h4 gxh4+ 48. Kxh4 Kf7 49. Kg3 Kg6 50. Kf4 Rh7 51. Rc1 Bd3 52. Kg3 Rd7 53. Nf5 Kf7 54. Kf4 Ke6 55. Rc5 Bb1 56. Nd4+ Kd6 57. Rh5 Rf7 58. Rh6 Ke7 59. Nf5+ Kd7 60. Ng3 a5 61. Nxe4 Bxe4 62. Kxe4 Re7+ 63. Kf4 Re6 64. Rh7+ Kc6 65. Rh5 b6 66. a4 Rd6 67. e4 Rd1 68. Rf5 Rf1+ 69. Ke3 Rb1 70. Rxf6+ Kc7 71. g5 Rxb3+ 72. Kf4 Rb1 73. g6 Rg1 74. Kf5 1-0

[Event "CZE-tht Extraliga 2018-19"]
[Site "Czech Republic"]
[Date "2018.12.01"]
[Round "3"]
[White "Cerveny, Martin"]
[Black "Caletka, Radomir"]
[Result "1/2-1/2"]
[ECO "D10"]
[WhiteElo "2347"]
[BlackElo "2285"]
[Annotator "NA"]
[PlyCount "67"]
[EventDate "2018.11.03"]
[EventType "team-tourn"]
[EventCountry "CZE"]
[SourceTitle "playchess.com"]
[Source "ChessBase"]
[SourceQuality "1"]
[WhiteTeam "Duras"]
[BlackTeam "Poruba"]
[TimeControl "40/5400+30:1800+30"]

1. d4 d5 2. c4 c6 3. cxd5 cxd5 4. Nc3 Nf6 5. Bf4 Nc6 6. e3 a6 7. Bd3 Bg4 8. Nge2 e6 9. Bg5 $146 {[%emt 0:12:56] D10: Slav Defence: 3 cxd5 (without early Nf3) and 3 Nc3} ({Predecessor:} 9. O-O Be7 10. h3 Bh5 11. Rc1 O-O 12. Na4 Rc8 13. a3 Nd7 14. b4 e5 15. dxe5 Ndxe5 16. Bf5 Ra8 17. Nc5 b5 {1-0 (33) Le,Q (2737)-Andreikin,D (2712) Huaian 2017}) 9... Be7 10. Qb3 Na5 11. Qc2 Bh5 12. Nf4 Bg6 13. Nxg6 hxg6 14. Rc1 Rc8 15. Qe2 Qd7 16. O-O O-O 17. Bxf6 gxf6 18. f4 Kg7 19. Qf3 f5 $15 20. g4 fxg4 21. Qxg4 Nc4 22. Qe2 Nd6 23. Kh1 Rh8 24. Nb1 Qa4 25. b3 Qa5 26. Rxc8 Rxc8 27. Rg1 Nf5 28. Bxf5 exf5 29. Rd1 Bb4 30. Kg2 Rc6 31. Kf1 Be7 32. Qg2 Re6 33. Qe2 Bd6 34. Qf2 1/2-1/2

[Event "CZE-tht Extraliga 2018-19"]
[Site "Czech Republic"]
[Date "2018.12.01"]
[Round "3"]
[White "Sosna, Jan"]
[Black "Chytilek, Roman"]
[Result "1/2-1/2"]
[ECO "D02"]
[WhiteElo "2338"]
[BlackElo "2331"]
[Annotator "NA"]
[PlyCount "25"]
[EventDate "2018.11.03"]
[EventType "team-tourn"]
[EventCountry "CZE"]
[SourceTitle "playchess.com"]
[Source "ChessBase"]
[SourceQuality "1"]
[WhiteTeam "Poruba"]
[BlackTeam "Duras"]
[TimeControl "40/5400+30:1800+30"]

1. d4 Nf6 2. Nf3 d5 3. Bf4 e6 4. Nbd2 c5 5. e3 Nc6 6. c3 cxd4 7. exd4 Nh5 8. Be3 Bd6 9. Bd3 Nf4 10. Bxf4 Bxf4 11. O-O O-O 12. Re1 g6 13. Nf1 1/2-1/2

[Event "CZE-tht Extraliga 2018-19"]
[Site "Czech Republic"]
[Date "2018.12.01"]
[Round "3"]
[White "Kozak, Milos"]
[Black "Haba, Petr"]
[Result "*"]
[ECO "C42"]
[WhiteElo "2201"]
[BlackElo "2445"]
[Annotator "NA"]
[PlyCount "40"]
[EventDate "2018.11.03"]
[EventType "team-tourn"]
[EventCountry "CZE"]
[SourceTitle "playchess.com"]
[Source "ChessBase"]
[SourceQuality "1"]
[WhiteTeam "Siesta B"]
[BlackTeam "Novoborsky"]
[TimeControl "40/5400+30:1800+30"]

1. e4 e5 2. Nf3 Nf6 3. Nxe5 d6 4. Nf3 Nxe4 5. d4 d5 6. Bd3 Nc6 7. O-O Be7 8. Nbd2 Nd6 9. c3 Bf5 10. Bxf5 Nxf5 11. Re1 O-O {[%emt 0:02:26] LiveBook: 5 Games} 12. Nf1 Re8 13. Qb3 b6 14. Bf4 Na5 15. Qc2 Nd6 16. Ne3 c6 $11 17. b3 Nab7 18. c4 dxc4 19. bxc4 c5 20. Rad1 cxd4 *